 Dungeon Crawl Stone Soup version 0.22.1-1-ga44c0e5 (webtiles) character file.

322 Error4North the Skirmisher (level 6, -1/56 HPs)
             Began as a Draconian Berserker on Nov 4, 2018.
             Was a Priest of Trog.
             Slain by a gnoll
             ... wielding a +0 halberd
              (5 damage)
             ... on level 3 of the Dungeon.
             The game lasted 00:39:00 (2570 turns).

Error4North the Skirmisher (Draconian Berserker)    Turns: 2570, Time: 00:39:01

Health: -1/56      AC:  6    Str: 19 (21) XL:     6   Next: 22%
Magic:  6/6        EV: 13    Int:  6 (7)  God:    Trog [***...]
Gold:   153        SH:  0    Dex:  8 (11) Spells: 5/5 levels left

rFire    . . .     SeeInvis .   a - +0 falchion
rCold    . . .     Gourm    .   (no shield)
rNeg     . . .     Faith    .   (armour unavailable)
rPois    .         Spirit   .   (helmet restricted)
rElec    .         Reflect  .   (no cloak)
rCorr    .         Harm     .   (no gloves)
MR       .....                  (no boots)
Stlth    +.........             (no amulet)
HPRegen  0.18/turn              (no ring)
MPRegen  0.10/turn              (no ring)

@: lethally poisoned (-1 -> -2)
A: unfitting armour, cold-blooded, AC +6
a: Berserk, Trog's Hand, Renounce Religion


You were on level 3 of the Dungeon.
You worshipped Trog.
Trog was most pleased with you.
You were very hungry.

You visited 1 branch of the dungeon, and saw 4 of its levels.

You collected 153 gold pieces.

Inventory:

Hand Weapons
 a - a +0 falchion (weapon)
 m - a +0 dagger of speed
 o - a +0 hunting sling
Missiles
 c - 174 stones (quivered)
 q - 11 tomahawks
Jewellery
 p - an uncursed ring of protection from magic {unknown}
 r - an uncursed ring of wizardry {unknown}
Scrolls
 d - 4 scrolls of remove curse
 e - a scroll of random uselessness
 f - a scroll of teleportation
 i - a scroll of amnesia
 l - 4 scrolls of identify
 n - a scroll of enchant armour {unknown}
Comestibles
 b - 6 rations


   Skills:
 * Level 5.5 Fighting
 + Level 4.8 Long Blades
 + Level 0.3 Throwing
 + Level 3.7 Dodging
 + Level 0.3 Stealth


You had 5 spell levels left.
You didn't know any spells.
Your spell library was empty.

Dungeon Overview and Level Annotations

Branches:
Dungeon (4/15)
 Temple: D:4-7

Altars:
Ashenzari
Makhleb


Innate Abilities, Weirdness & Mutations

Your plain brown scales are hard. (AC +6)
You cannot fit into any form of body armour.
You are cold-blooded and may be slowed by cold attacks.


Message History

The worker ant poisons you!
You feel sick.
Found 24 stones.
You feel sick.
You feel sick. The worker ant barely misses you.
You riposte.
You hit the worker ant.
The worker ant is severely wounded.
You feel a little less mighty now.
You feel sick.
You feel sick.
You feel sick. The worker ant bites you.
* * * LOW HITPOINT WARNING * * *
There is a stone staircase leading up here.
The worker ant misses you.
You riposte.
You hit the worker ant.
You kill the worker ant!
Trog accepts your kill.
You climb upwards.
You feel sick.
The gnoll hits you from afar with a halberd.
You die...

# #
##########
##########
.........#
#.g@.....#
##.#####.#
#g######.#
##.# #.# #.#
#.######
#### ### #g#
#.##...#
#####.###
#....#.#
#...g...#
####...#
#####w#.##
##.##
#....## #.#
##
#.###.....##
#.#


You could see 2 gnolls.

Vanquished Creatures
  2 orc priests (D:3)
  A hound (D:4)
  Terence (D:3)
  A worker ant (D:4)
  9 adders
  An ooze (D:2)
  A worm (D:3)
  2 dart slugs (D:2)
  5 leopard geckos
  6 orcs (D:3)
  4 bats
  2 giant cockroaches (D:1)
  14 goblins
  17 hobgoblins
  4 kobolds
  A ball python (D:3)
  4 frilled lizards
  10 rats
85 creatures vanquished.

Notes
Turn   | Place    | Note
-------+----------+-------------------------------------------
     0 | D:1      | Error4North the Draconian Berserker began the quest for the
                  | Orb.
     0 | D:1      | Reached XP level 1. HP: 19/19 MP: 1/1
   179 | D:1      | Reached XP level 2. HP: 15/26 MP: 2/2
   697 | D:2      | Reached ** piety under Trog
   704 | D:2      | Found a shattered altar of Ashenzari.
   766 | D:2      | Reached skill level 4 in Fighting
   766 | D:2      | Reached XP level 3. HP: 21/33 MP: 3/3
   978 | D:2      | Reached XP level 4. HP: 38/40 MP: 4/4
  1409 | D:2      | Found a burning altar of Makhleb.
  1564 | D:3      | Reached XP level 5. HP: 39/47 MP: 5/5
  1933 | D:3      | Noticed Terence
  1957 | D:3      | Killed Terence
  1957 | D:3      | Reached skill level 5 in Fighting
  2474 | D:4      | Noticed an ogre
  2523 | D:4      | Reached *** piety under Trog
  2523 | D:4      | Reached XP level 6. HP: 12/56 MP: 6/6
  2570 | D:3      | Slain by a gnoll

Skill      XL: |  1  2  3  4  5 |
---------------+----------------+-----
Dodging        | 3 |  3.7
Fighting       | 4 5 |  5.5
Long Blades    | 4 |  4.8
Throwing       | |  0.3
Stealth        | |  0.3

Action                   |  1- 3 |  4- 6 || total
-------------------------+-------+-------++-------
Melee: Falchion          |   100 |   172 ||   272
       Tailslap          |    15 |    22 ||    37
 Fire: Hunting sling     |       |    10 ||    10
Throw: Stone             |     5 |    10 ||    15
       Tomahawk          |       |     3 ||     3
Invok: Berserk           |     1 |     3 ||     4
       Trog's Hand       |       |     2 ||     2
  Use: Potion            |       |     5 ||     5
       Scroll            |       |     7 ||     7
  Eat: Chunk             |     1 |     4 ||     5
       Ration            |       |     1 ||     1
Armor: Skin              |    24 |    48 ||    72
Dodge: Dodged            |    66 |   153 ||   219
       Rpst.: Falchion   |    19 |    46 ||    65
